 Dungeon Crawl Stone Soup version 0.29-a0-8-g0446c0dae4 (webtiles) character file.

Game seed: 13948313485506729079

175 siradein the Conjurer (level 5, -1/38 HPs)
             Began as a Draconian Conjurer on Jan 27, 2022.
             Killed from afar by an orc wizard (9 damage)
             ... with a magic dart
             ... on level 3 of the Dungeon.
             The game lasted 00:08:09 (2510 turns).

siradein the Conjurer (Draconian Conjurer)          Turns: 2510, Time: 00:08:10

Health: -1/38      AC:  5    Str:  9    XL:     5   Next: 29%
Magic:  0/10       EV: 12    Int: 21    God:
Gold:   58         SH:  0    Dex:  9    Spells: 8/11 levels left

rFire   . . .      SeeInvis .   d - +0 dagger
rCold   . . .      Faith    .   (no shield)
rNeg    . . .      Spirit   .   (armour unavailable)
rPois   .          Reflect  .   (helmet restricted)
rElec   .          Harm     .   (no cloak)
rCorr   .          Rampage  .   (no gloves)
Will    .....                   (no boots)
Stlth   ++........              (no amulet)
HPRegen 0.12/turn               (no ring)
MPRegen 0.12/turn               (no ring)

@: no status effects
A: AC +5, unfitting armour, cold-blooded
a: no special abilities


You were on level 3 of the Dungeon.
You visited 1 branch of the dungeon, and saw 3 of its levels.

You collected 58 gold pieces.

Inventory:

Hand Weapons
 d - a +0 dagger (weapon)
Scrolls
 a - a scroll of amnesia {unknown}
 b - a scroll of blinking {unknown}
 c - a scroll of summoning {unknown}
 e - 2 scrolls of fog {unknown}
 f - a scroll of identify {unknown}
 h - a scroll of holy word {unknown}
Potions
 g - a potion of heal wounds {unknown}
 i - a potion of attraction {unknown}


   Skills:
 - Level 1.7 Dodging
 - Level 1.7 Stealth
 + Level 3.9 Spellcasting
 + Level 5.4 Conjurations


You had 8 spell levels left.
You knew the following spells:

 Your Spells              Type           Power      Damage    Failure   Level
a - Magic Dart            Conj           100%       1d8       1%          1
b - Searing Ray           Conj           54%        2d6       1%          2

Your spell library contained the following spells:

 Spells                   Type           Power      Damage    Failure   Level
 Animate Skeleton         Necr           8%         N/A       12%         1
 Apportation              Tloc           8%         N/A       12%         1
 Summon Small Mammal      Summ           16%        N/A       12%         1
 Dazzling Flash           Conj/Hex       30%        N/A       12%         3
 Iskenderun's Battlesphe  Conj           27%        2d8       34%         5
 Inner Flame              Hex/Fire       4%         N/A       36%         3
 Fulminant Prism          Conj/Hex       7%         3d7       36%         4
 Iskenderun's Mystic Bla  Conj/Tloc      15%        2d5       36%         4
 Fireball                 Conj/Fire      7%         3d5       73%         5
 Cause Fear               Hex            2%         N/A       77%         4
 Conjure Ball Lightning   Conj/Air       7%         3x3d6     99%         6
 Orb of Destruction       Conj           13%        9d7       100%        7
 Discord                  Hex            2%         N/A       100%        8


Dungeon Overview and Level Annotations

Branches:
Dungeon (3/15)

Altars:

Shops:
D:3 :


Innate Abilities, Weirdness & Mutations

Your plain brown scales are hard. (AC +5)
You cannot fit into any form of body armour.
You are cold-blooded and may be slowed by cold attacks.


Message History

You miss something.
Your tail-slap misses something.
Something hits you but does no damage.
Casting: Searing Ray (safe; 1% risk of failure)
Confirm with . or Enter, or press ? or * to list all spells.
Aiming: Searing Ray (safe; 1% risk of failure)
Press: ? - help, Shift-Dir - straight line (Press . to maintain the ray.)
Something hits you but does no damage. Something hits you.
You hit something but do no damage. Something hits you.
You miss something.
Your tail-slap misses something.
Something hits you but does no damage.
You barely miss something. Something hits you but does no damage.
You miss something. Something hits you but does no damage.
You miss something.
Your tail-slap misses something.
Something hits you.
You barely miss something. Something completely misses you.
You miss something. Something hits you but does no damage.
You hit something. Something hits you but does no damage.
You miss something. Something hits you but does no damage.
You hit something but do no damage.
Your tail-slap misses something.
Something hits you.
You miss something.
An orc wizard appears from thin air!
Reactivating autopickup.
The orc wizard hits you with a +0 dagger.
* * * LOW HITPOINT WARNING * * *
You miss the orc wizard.
You tail-slap the orc wizard, but do no damage.
The orc wizard is lightly wounded.
The orc wizard hits you with a +0 dagger.
* * * LOW HITPOINT WARNING * * *
Casting: Searing Ray (safe; 1% risk of failure)
Confirm with . or Enter, or press ? or * to list all spells.
Aiming: Magic Dart (safe; 1% risk of failure)
Press: ? - help, Shift-Dir - straight line, f - orc wizard
Aim: an orc wizard, wielding a +0 dagger and wearing a +0 robe (lightly wounded, 100% to hit)
The magic dart hits the orc wizard.
The orc wizard is heavily wounded.
The orc wizard points at you and mumbles some strange words.
The magic dart hits you!
You die...

######..##.# #...o......#
#.####........ #.##
##.###### #..# #.# ##.#
#.# #)# #.# #o# .# #@# .#
#.# .≈.# #.# ...# #.#
.≈.≈# .# #.# .#.
≈.≈.######.# #.# ...
#...##.....# #.# #)#
##.###.....#####.# #.#
.................#######.#


You could see an orc wizard.

Vanquished Creatures
  2 orc wizards (D:3)
  Natasha (twice) (D:3)
  A dart slug (D:1)
  3 orcs (D:3)
  4 endoplasms
  7 goblins
  4 hobgoblins
  3 jackals (D:2)
  7 kobolds
  2 quokkas
  5 ball pythons
  8 bats
  A frilled lizard (D:1)
  2 rats
51 creatures vanquished.

Vanquished Creatures (others)
  An orc wizard (D:3)
1 creature vanquished.

Grand Total: 52 creatures vanquished

Notes
Turn   | Place    | Note
-------+----------+-------------------------------------------
     0 | D:1      | siradein the Draconian Conjurer began the quest for the
                  | Orb.
     0 | D:1      | Reached XP level 1. HP: 14/14 MP: 3/3
   222 | D:1      | Reached XP level 2. HP: 20/20 MP: 1/5
   303 | D:1      | Learned a level 2 spell: Searing Ray
  1183 | D:2      | Reached XP level 3. HP: 26/26 MP: 5/7
  1414 | D:2      | Found a faded altar of an unknown god.
  2087 | D:3      | Noticed Natasha
  2091 | D:3      | Killed Natasha
  2092 | D:3      | Reached XP level 4. HP: 33/33 MP: 2/8
  2164 | D:3      | Found Nouh's Book Boutique.
  2189 | D:3      | Reached skill level 5 in Conjurations
  2319 | D:3      | Noticed Natasha
  2324 | D:3      | Killed Natasha
  2457 | D:3      | Reached XP level 5. HP: 33/38 MP: 5/10
  2510 | D:3      | Killed from afar by an orc wizard

Illustrated notes

Levels and vault maps discovered:
D:1:      wander_arrival_chamber, layout_basic
D:2:      layout_loops_ring, ebering_ecumenical_altar_box
D:3:      layout_loops_ring, nicolae_ru_path_of_blood, serial_shops, shop,
          uniq_natasha

Skill      XL: |  1  2  3  4 |
---------------+-------------+-----
Spellcasting   | 3 |  3.9
Conjurations   | 5 |  5.4
Dodging        | |  1.7
Stealth        | |  1.7

Action                   |  1- 3 |  4- 6 || total
-------------------------+-------+-------++-------
Melee: Unarmed           |    10 |       ||    10
       Dagger            |    10 |    21 ||    31
       Tailslap          |       |     1 ||     1
 Cast: Magic Dart        |    79 |    12 ||    91
       Searing Ray       |     1 |     7 ||     8
Armor: Skin              |     4 |    16 ||    20
Dodge: Dodged            |    29 |     6 ||    35

Table legend: (Time is in decaauts)
 A = Elapsed time spent in this place.
 B = Non-inter-level travel time spent in this place.
 C = Inter-level travel time spent in this place.
 D = Time resting spent in this place.
 E = Time spent auto-exploring this place.
 F = Levels seen in this place.
 G = Mean time per level.
                   A        B        C        D        E       F      G
               +--------+--------+--------+--------+--------+-----+--------+
         Total |   2514 |   2464 |     50 |      0 |   2106 |   3 |  838.0 |
       Dungeon |   2514 |   2464 |     50 |      0 |   2106 |   3 |  838.0 |
               +--------+--------+--------+--------+--------+-----+--------+

Top non-repeatable levels by time:
     D:1: 1078 daAuts
     D:2: 961 daAuts
     D:3: 473 daAuts
